 Dungeon Crawl Stone Soup version 0.30-a0-920-g7493c07aab (webtiles) character file.

Game seed: 4343439560268511550

85 jimonade the Shield-Bearer (level 4, -6/35 (37) HPs)
             Began as a Formicid Fighter on Mar 22, 2023.
             Succumbed to a gnoll's poison
             ... on level 3 of the Dungeon.
             The game lasted 00:03:50 (1937 turns).

jimonade the Shield-Bearer (Formicid Fighter)       Turns: 1937, Time: 00:03:51

HP:   -6/35 (37)    AC: 11    Str: 20    XL:     4   Next: 75%
MP:   4/4           EV:  7    Int: 10    God:
Gold: 27            SH:  5    Dex: 13    Spells: 3/3 levels left

rFire   . . .      SeeInvis +    a - +0 quarterstaff
rCold   . . .      Faith    .    c - +0 buckler
rNeg    . . .      Spirit   .    f - +0 chain mail
rPois   .          Reflect  .    (helmet unavailable)
rElec   .          Rampage  .    h - +1 cloak
rCorr   .                        (no gloves)
Will    .....                    (no boots) Stlth
                                 (no amulet)
HPRegen 0.25/turn                (no ring)
MPRegen 0.09/turn                (no ring)

@: lethally poisoned (-6 -> -34), drained
A: permanent stasis, dig shafts and tunnels, antennae 3, four strong arms
a: Dig, Shaft Self


You were on level 3 of the Dungeon.
You visited 1 branch of the dungeon, and saw 3 of its levels.

You collected 27 gold pieces.

Inventory:

Hand Weapons
 a - a +0 quarterstaff (weapon)
 l - a +0 vampiric whip
Missiles
 e - 4 datura-tipped darts (quivered)
Armour
 b - a +0 scale mail
 c - a +0 buckler (worn)
 f - a +0 chain mail (worn)
 h - a +1 cloak (worn)
Scrolls
 g - a scroll of immolation {unknown}
 i - 4 scrolls of identify {unknown}
 j - 5 scrolls of teleportation {unknown}
 p - a scroll of fear {unknown}
Potions
 d - 3 potions of might
 k - a potion of berserk rage {unknown}
 m - a potion of heal wounds {unknown}
 n - a potion of degeneration {unknown}
 o - a potion of cancellation {unknown}


   Skills:
 + Level 3.9 Fighting
 + Level 3.2 Staves
 + Level 4.0 Armour
 + Level 4.5 Shields


You had 3 spell levels left.
You didn't know any spells.
Your spell library contained the following spells:

 Spells                   Type           Power      Damage    Failure   Level
 Apportation              Tloc           0%         N/A       99%         1
 Necrotise                Necr           0%         1d4       99%         1
 Summon Small Mammal      Summ           0%         N/A       99%         1
 Lesser Beckoning         Tloc           0%         N/A       100%        2
 Momentum Strike          Conj/Tloc      0%         3d8       100%        2
 Call Canine Familiar     Summ           0%         N/A       100%        3
 Portal Projectile        Hex/Tloc       0%         N/A       100%        3
 Leda's Liquefaction      Hex/Erth       0%         N/A       100%        4
 Passage of Golubria      Tloc           0%         N/A       100%        4
 Silence                  Hex/Air        0%         N/A       100%        5
 Lehudib's Crystal Spear  Conj/Erth      0%         10d2      100%        8
 Blink                    Tloc           Unusable   N/A       N/A         2

Dungeon Overview and Level Annotations

Branches:
Dungeon (3/15)

Altars:
Uskayaw
Vehumet

Shops:
D:1 (


Innate Abilities, Weirdness & Mutations

You cannot be hasted, slowed, berserked, paralysed or teleported.
You can dig through walls and to a lower floor.
You have a pair of large antennae on your head. (SInv)
Your four strong arms can wield two-handed weapons with a shield.


Message History

You barely miss the giant cockroach. The giant cockroach bites you.
The giant cockroach bites you but does no damage.
You closely miss the giant cockroach. The giant cockroach barely misses you.
You sock the giant cockroach!
You kill the giant cockroach!
Your Armour skill increases to level 4!
No target in view!
Found a stone staircase leading down.
You see here a staff of poison.
You open the door.
There is an open door here.
A gnoll comes into view. It is wielding a +0 spear of venom.
The gnoll shouts!
Throw: 5 darts (datura)
Press: ? - help, Q - select action, (/) - cycle Shift-Dir - straight line, f - gnoll
Aim: a gnoll, wielding a +0 spear of venom (61% to hit, chance to frenzy on hit: 100%)
You throw a datura-tipped dart. The datura-tipped dart hits the gnoll.
The gnoll flies into a frenzy!
The gnoll shouts!
The gnoll hits you but does no damage.
You are poisoned.
You feel very sick.
You feel sick.
The gnoll hits you from afar with a +0 spear of venom.
You are more poisoned.
You feel very sick. The gnoll barely misses you.
You feel sick.
The gnoll hits you with a +0 spear of venom.
You are lethally poisoned!
The gnoll hits you with a +0 spear of venom!
* * * LOW HITPOINT WARNING * * *
You barely miss the gnoll.
* * * LOW HITPOINT WARNING * * *
You feel extremely sick.
The gnoll hits you with a +0 spear of venom.
* * * LOW HITPOINT WARNING * * *
You are more poisoned.
You hit the gnoll but do no damage.
You die...

......# #.# ......#
#.# ......###
#####.# .........
...#.#
.....##########.#.#
..................#
...############.###
...# #g##### .|>#
#.@...# ...#
#####.# ...# #.#
...# #.# ...# #(#
#### #.# #######.#
##.......#
###.###..#


You could see a neutral gnoll (fast, strong, insane).

Vanquished Creatures
  4 adders (D:2)
  2 dart slugs (D:1)
  4 orcs (D:3)
  4 ball pythons
  A bat (D:1)
  3 endoplasms
  3 giant cockroaches
  A goblin (D:3)
  2 hobgoblins (D:1)
  3 quokkas
  2 frilled lizards
  8 kobolds
  4 rats
41 creatures vanquished.

Notes
Turn   | Place    | Note
-------+----------+-------------------------------------------
     0 | D:1      | jimonade the Formicid Fighter began the quest for the Orb.
     0 | D:1      | Reached XP level 1. HP: 18/18 MP: 1/1
   115 | D:1      | Reached XP level 2. HP: 24/24 MP: 2/2
   413 | D:1      | Found Oruly's Weapon Shoppe.
   647 | D:1      | Found a faded altar of an unknown god.
   666 | D:1      | Reached XP level 3. HP: 29/29 MP: 3/3
  1250 | D:2      | Reached XP level 4. HP: 34/37 MP: 4/4
  1770 | D:3      | Found a hide-covered altar of Uskayaw.
  1770 | D:3      | Found a radiant altar of Vehumet.
  1936 | D:3      | HP: 1/35 [gnoll/+0 spear of venom (1)]
  1937 | D:3      | Succumbed to a gnoll's poison

Illustrated notes

Levels and vault maps discovered:
D:1:      ebering_trefoil_3fold, layout_basic, serial_shops,
          nicolae_square_shop, ebering_ecumenical_altar_ruins
D:2:      layout_basic
D:3:      layout_basic, nicolae_overflow_hidden_temple

Skill      XL: |  1  2  3  4 |
---------------+-------------+-----
Staves         | 3 |  3.2
Armour         | 4 |  4.0
Fighting       | |  3.9
Shields        | |  4.5

Action                     |  1- 3 |  4- 6 || total
---------------------------+-------+-------++-------
  Melee: Quarterstaff      |    81 |    53 ||   134
  Throw: Dart              |       |     1 ||     1
Ability: Dig               |       |     2 ||     2
 Armour: Chain mail        |    40 |    24 ||    64
  Dodge: Dodged            |    33 |    18 ||    51
  Block: Buckler           |    23 |    12 ||    35

Table legend: (Time is in decaauts)
 A = Elapsed time spent in this place.
 B = Non-inter-level travel time spent in this place.
 C = Inter-level travel time spent in this place.
 D = Time resting spent in this place.
 E = Time spent auto-exploring this place.
 F = Levels seen in this place.
 G = Mean time per level.
                   A        B        C        D        E       F      G
               +--------+--------+--------+--------+--------+-----+--------+
         Total |   1963 |   1908 |     55 |      0 |   1432 |   3 |  654.3 |
       Dungeon |   1963 |   1908 |     55 |      0 |   1432 |   3 |  654.3 |
               +--------+--------+--------+--------+--------+-----+--------+

Top non-repeatable levels by time:
     D:2: 960 daAuts
     D:1: 771 daAuts
     D:3: 231 daAuts
